AoeStats
← kable.xpress

Arabia

508576166Analyzed
1v1 RM · 10d ago on Sep 23, 2026· 57m 26s· 2 players
Game mode
Random Map
Map size
Tiny (2 player)
Population
200
Speed
Normal
Resources
Standard
Victory
Conquest
Starting age
Dark Age
Ending age
Imperial Age
RankedLock teamsTeams togetherTeam positionsShared explorationLock speedFull tech treeHidden civsTurbo modeCheats
Victory
Defeat
🇦🇷 Mongols · Argentina
2172
+9
🇦🇺 Varangians · Australia
2012
-9
kable.xpress
8:03 Feudal Age
6:19 Loom
8:34 Double-Bit Axe
11:43 Horse Collar
18:37 Castle Age
18:03 Bloodlines
18:48 Gold Mining
19:15 Fletching
19:42 Bow Saw
19:51 Bodkin Arrow
21:14 Wheelbarrow
21:02 Husbandry
26:33 Hand Cart
32:47 Imperial Age
30:13 Stone Mining
30:50 Padded Archer Armor
31:27 Ballistics
33:03 Thumb Ring
33:29 Bracer
34:30 Chemistry
35:49 Heavy Plow
36:27 Gold Shaft Mining
37:05 Leather Archer Armor
37:15 Parthian Tactics
37:18 Conscription
39:23 Scale Barding Armor
38:50 Elite Mangudai
39:09 Light Cavalry
40:47 Chain Barding Armor
40:12 Hussar
41:53 Forging
43:10 Iron Casting
46:54 Blast Furnace
46:50 Murder Holes
47:35 Hoardings
48:53 Masonry
InvisibleDuk
6:00 Loom
8:20 Feudal Age
10:15 Double-Bit Axe
13:44 Bloodlines
19:30 Castle Age
17:36 Horse Collar
18:59 Scale Barding Armor
19:01 Gold Mining
20:34 Wheelbarrow
19:35 Light Cavalry
20:15 Husbandry
24:25 Town Watch
26:38 Heavy Plow
26:49 Guard Tower
27:22 Ballistics
30:08 Bow Saw
35:37 Imperial Age
33:37 Fletching
34:14 Bodkin Arrow
34:48 Hand Cart
35:05 Padded Archer Armor
34:30 Elite Skirmisher
36:20 Bracer
37:34 Chemistry
37:21 Leather Archer Armor
38:36 Ring Archer Armor
40:35 Two-Man Saw
40:18 Conscription
40:33 Scale Mail Armor
40:15 Elite Varangian Guard
40:55 Squires
41:26 Arson
41:58 Chain Mail Armor
43:48 Plate Mail Armor
45:05 Masonry
44:38 Treadmill Crane
45:16 Stone Mining
45:05 Capped Ram
48:18 Siege Ram
50:42 Town Patrol
Connection lost

Rejoining the realm…

Still unreachable

The connection could not be restored.

Session expired

The server has moved on; the page needs a fresh start.